 Dungeon Crawl Stone Soup version 0.26.1-2-gb8aa6d0cf2 (webtiles) character file.

Game seed: 7570100863665216224

1215 Gadfly the Cudgeller (level 8, -6/78 HPs)
             Began as a Troll Berserker on Mar 4, 2021.
             Was a Priest of Trog.
             Mangled by a two-headed ogre
             ... wielding a +0 giant club
              (11 damage)
             ... while paralysed
             ... on level 5 of the Dungeon.
             The game lasted 00:04:59 (3056 turns).

Gadfly the Cudgeller (Troll Berserker)              Turns: 3056, Time: 00:04:59

Health: -6/78      AC: 12    Str: 27    XL:     8   Next: 22%
Magic:  7/7        EV:  1    Int:  3    God:    Trog [***...]
Gold:   207        SH:  0    Dex: 10    Spells: 7/7 levels left

rFire    . . .     SeeInvis .   b - +0 whip (elec)
rCold    . . .     Faith    .   (no shield)
rNeg     . . .     Spirit   .   i - +1 animal skin
rPois    .         Reflect  .   (helmet restricted)
rElec    .         Harm     .   o - +0 cloak
rCorr    .         Rampage  .   (gloves unavailable)
Will     .....                  (boots unavailable)
Stlth    +.........             (no amulet)
HPRegen  0.63/turn              d - +4 ring of protection
MPRegen  0.10/turn              (no ring)

@: paralysed, berserk cooldown, slowed
A: large, unfitting armour, claws 3, regeneration 1, shaggy fur 1, tough skin 3
a: Renounce Religion, Berserk, Trog's Hand


You were on level 5 of the Dungeon.
You worshipped Trog.
Trog was most pleased with you.
You visited 1 branch of the dungeon, and saw 5 of its levels.

You collected 207 gold pieces.

Inventory:

Hand Weapons
 a - a +2 dire flail of draining
 b - a +0 whip of electrocution (weapon)
 j - a +1 dagger of venom
 k - a +0 flail
 m - a +2 falchion of flaming
 n - a +4 quarterstaff of chaos
Armour
 i - a +1 animal skin (worn)
 o - a +0 cloak (worn)
Jewellery
 d - a +4 ring of protection (left claw)
Wands
 l - a wand of flame (23) (quivered)
 r - a wand of paralysis (7)
Scrolls
 g - 2 scrolls of enchant weapon
 h - 4 scrolls of teleportation
Potions
 c - a potion of might
 e - a potion of mutation
 f - 2 potions of curing
 p - 3 potions of heal wounds


   Skills:
 + Level 4.0 Fighting
 + Level 4.5 Maces & Flails
 * Level 4.5 Armour
 - Level 2.4 Dodging
 * Level 4.1 Evocations


You had 7 spell levels left.
You didn't know any spells.
Your spell library was empty.

Dungeon Overview and Level Annotations

Branches:
Dungeon (5/15)
 Temple: D:4-7

Altars:
Nemelex Xobeh
Okawaru
Uskayaw
Wu Jian


Innate Abilities, Weirdness & Mutations

You are too large for most types of armour.
You have claws for hands.
Your natural rate of healing is unusually fast.
You are covered in fur. (AC +1)
You have extremely tough skin. (AC +3)


Message History

You hit the two-headed ogre.
The two-headed ogre is moderately wounded.
The two-headed ogre hits you with a +0 giant club.
* * * LOW HITPOINT WARNING * * *
The two-headed ogre barely misses you.
You whack the two-headed ogre!
The two-headed ogre is moderately wounded.
You hit the two-headed ogre but do no damage.
The two-headed ogre is moderately wounded.
The two-headed ogre closely misses you.
The two-headed ogre hits you with a +0 giant club!
* * * LOW HITPOINT WARNING * * *
You feel a strong urge to attack something.
You are no longer berserk.
You pass out from exhaustion.
You feel yourself slow down.
The two-headed ogre hits you with a +0 giant club.
* * * LOW HITPOINT WARNING * * *
The two-headed ogre hits you with a +0 giant club!
You die...

#..........#
.............#
.................####
....................#
....................## ..
..............<.##..###
... #...............#....#
..###..........O........##
.....[.........@..##.####
#..............#####
.###.........##...#
..............#####
..##............#
...#....#.......#
.......#.....##.#
.......#........#
..##.............


You could see a two-headed ogre.

Vanquished Creatures
  Pikel (D:4)
  Edmund (D:4)
  2 ogres (D:4)
  A lemure (D:4)
  A howler monkey (D:4)
  2 orc priests (D:3)
  A jelly (D:5)
  Crazy Yiuf (D:3)
  An orc wizard (D:3)
  Jessica (D:2)
  5 worker ants
  3 adders
  An ooze (D:2)
  An adder skeleton (D:4)
  2 worms
  A dart slug (D:3)
  3 leopard geckos
  18 orcs
  6 bats
  4 giant cockroaches
  3 goblins
  10 hobgoblins
  3 jackals (D:3)
  2 quokkas
  8 frilled lizards
  9 kobolds
  6 rats
97 creatures vanquished.

Notes
Turn   | Place    | Note
-------+----------+-------------------------------------------
     0 | D:1      | Gadfly the Troll Berserker began the quest for the Orb.
     0 | D:1      | Reached XP level 1. HP: 22/22 MP: 0/0
   190 | D:1      | Reached XP level 2. HP: 29/29 MP: 1/1
   350 | D:1      | Reached ** piety under Trog
   351 | D:1      | Reached skill level 1 in Armour
   413 | D:1      | Reached skill level 1 in Evocations
   775 | D:2      | Reached XP level 3. HP: 36/36 MP: 2/2
   812 | D:2      | Found an iron altar of Okawaru.
   858 | D:2      | Found a sparkling altar of Nemelex Xobeh.
  1047 | D:2      | Noticed Jessica
  1051 | D:2      | Killed Jessica
  1052 | D:2      | Reached XP level 4. HP: 44/44 MP: 3/3
  1279 | D:3      | Reached XP level 5. HP: 52/52 MP: 4/4
  1579 | D:3      | Reached *** piety under Trog
  1893 | D:3      | Found a runed translucent door.
  1894 | D:3      | Noticed Crazy Yiuf
  2051 | D:3      | Killed Crazy Yiuf
  2052 | D:3      | Reached XP level 6. HP: 61/61 MP: 5/5
  2110 | D:4      | Found an ornate altar of the Wu Jian Council.
  2222 | D:4      | Noticed Edmund
  2233 | D:4      | Killed Edmund
  2371 | D:4      | Reached XP level 7. HP: 67/67 MP: 6/6
  2470 | D:4      | Found a hide-covered altar of Uskayaw.
  2675 | D:4      | Noticed Pikel
  2684 | D:4      | Killed Pikel
  2685 | D:4      | Reached XP level 8. HP: 69/78 MP: 7/7
  2997 | D:5      | Entered Level 5 of the Dungeon
  3034 | D:5      | Noticed a two-headed ogre
  3056 | D:5      | Mangled by a two-headed ogre

Illustrated notes

Levels and vault maps discovered:
D:1:      sevenhm_arrival_forest_fort_small_5, layout_basic
D:2:      layout_rooms, okawaru_gym_becter, nemelex_lonely_heart_becter,
          uniq_jessica
D:3:      layout_rooms, uniq_crazy_yiuf_cottage
D:4:      layout_basic, overflow_temple_1_default, general_overflow_altar,
          uniq_pikel, uniq_edmund
D:5:      layout_cave_pools, kennysheep_mini_moat

Skill      XL: |  1  2  3  4  5  6  7 |
---------------+----------------------+-----
Armour         | 1 2 3 4 |  4.5
Evocations     | 1 2 3 4 |  4.1
Maces & Flails | 3 4 |  4.5
Fighting       | 3 4 |  4.0
Dodging        | |  2.4

Action                   |  1- 3 |  4- 6 |  7- 9 || total
-------------------------+-------+-------+-------++-------
Melee: Mace              |    83 |       |       ||    83
       Dagger            |     5 |   118 |    10 ||   133
       Dire flail        |       |    14 |    19 ||    33
       Whip              |       |       |    19 ||    19
Invok: Berserk           |     2 |     1 |     1 ||     4
  Use: Scroll            |     8 |     1 |     2 ||    11
       Potion            |       |     1 |       ||     1
Armor: Animal skin       |    79 |    57 |    15 ||   151
Dodge: Dodged            |    93 |    57 |    20 ||   170
